 Dungeon Crawl Stone Soup version 0.32-a0-558-g233958a4c4 (webtiles) character file.

Game seed: 9498461189074044005

483 inmateoo the Poker (level 7, -1/52 HPs)
             Began as a Coglin Gladiator on Mar 1, 2024.
             Was an Initiate of Hepliaklqana.
             Incinerated by a bombardier beetle (5 damage)
             ... with a burning spray
             ... on level 4 of the Dungeon.
             The game lasted 00:03:58 (3345 turns).

inmateoo the Poker (Coglin Gladiator)               Turns: 3345, Time: 00:03:59

Health: -1/52      AC: 14    Str: 17    XL:     7   Next: 12%
Magic:  7/7        EV:  9    Int:  7    God:    Hepliaklqana [......]
Gold:   192        SH:  0    Dex: 15    Spells: 6/6 levels left

rFire   . . .        a - +0 trident {Bozidara}
rCold   . . .        b - +0 spear {Kamaljyot}
rNeg    . . .        i - +0 chain mail
rPois   .            l - +2 hat
rElec   .            w - +0 cloak
rCorr   .            p - +1 pair of gloves
SInv    .            (no boots)
Will    .....        (amulet unavailable) Stlth
                     (ring unavailable)
HPRegen 0.28/turn    (ring unavailable)
MPRegen 0.10/turn    (no gizmo)

%: no passive effects
@: on fire, glowing, revving
A: off-hand wielding, slow wielding, warmup strikes, no jewelry
a: Invent Gizmo, Renounce Religion


You were on level 4 of the Dungeon.
You worshipped Hepliaklqana.
Hepliaklqana was noncommittal.
You visited 1 branch of the dungeon, and saw 4 of its levels.

You collected 192 gold pieces.

Inventory:

Hand Weapons
 a - a +0 trident (weapon) {Bozidara}
 b - a +0 spear (offhand) {Kamaljyot}
Missiles
 d - 4 throwing nets (quivered)
 e - a javelin
Armour
 i - a +0 chain mail (worn)
 l - a +2 hat (worn)
 p - a +1 pair of gloves (worn)
 w - a +0 cloak (worn)
Talismans
 m - a granite talisman
Scrolls
 h - 2 scrolls of fear
 j - 2 scrolls of enchant armour
 q - a scroll of identify
 r - a scroll of fog {unknown}
 s - 3 scrolls of revelation {unknown}
 t - a scroll of teleportation
Potions
 c - a potion of mutation
 f - a potion of curing
 g - 2 potions of heal wounds {unknown}
 k - 2 potions of attraction {unknown}
 n - 2 potions of lignification {unknown}
 o - a potion of cancellation {unknown}
 u - a potion of haste {unknown}
 v - a potion of berserk rage {unknown}


   Skills:
 + Level 3.6 Fighting
 * Level 4.8 Polearms
 - Level 1.8 Throwing
 + Level 2.5 Armour
 + Level 3.8 Dodging
 + Level 1.1 Shapeshifting


You had 6 spell levels left.
You didn't know any spells.
Your spell library contained the following spells:

 Spells                   Type           Power      Damage    Failure   Level
 Summon Small Mammal      Summ           0%         N/A       99%         1
 Call Canine Familiar     Summ           0%         N/A       100%        3
 Summon Blazeheart Golem  Fire/Summ      0%         N/A       100%        4


Dungeon Overview and Level Annotations

Branches:
Dungeon (4/15)
 Temple: D:4-7

Altars:
Hepliaklqana
Okawaru


Innate Abilities, Weirdness & Mutations

You can wield a second weapon in your off-hand.
It takes a long time for you to wield or remove held weapons.
Your first few attacks do less damage.
You cannot equip rings or amulets.


Message History

You barely miss the bombardier beetle with your +0 trident.
The liquid fire burns you!
* * * LOW HITPOINT WARNING * * *
The orc priest hits you with a +0 hand axe.
* * * LOW HITPOINT WARNING * * *
Okay, then.
You hit the bombardier beetle but do no damage.
The bombardier beetle is almost dead.
You hit the bombardier beetle with your +0 spear.
You kill the bombardier beetle!
The liquid fire burns you!
* * * LOW HITPOINT WARNING * * *
The orc priest hits you but does no damage.
You have reached level 7!
Your brain swirls with designs for a NW-40 gigamodule.
You just need some more time...
You puncture the orc priest with your +0 trident!
The orc priest is severely wounded.
You hit the orc priest but do no damage.
The liquid fire burns you!
* * * LOW HITPOINT WARNING * * *
The orc priest casts a cantrip, but nothing happens.
You closely miss the orc priest with your +0 trident.
The orc priest is severely wounded.
You hit the orc priest with your +0 spear.
You kill the orc priest!
The liquid fire burns you!
* * * LOW HITPOINT WARNING * * *
It was a potion of curing.
You feel better. The liquid fire burns you!
* * * LOW HITPOINT WARNING * * *
You shake off some of the fire as you move.
The liquid fire burns you!
* * * LOW HITPOINT WARNING * * *
You shake off some of the fire as you move.
The liquid fire burns you!
* * * LOW HITPOINT WARNING * * *
You shake off some of the fire as you move.
The liquid fire burns you!
You die...
Hepliaklqana delivers you to your ancestors.

.. .#.. ##.....#.###### ......#
.###..###.# #.##.##.# #......##
#+# #....).. ##....#.# ...##
#.##))# #####.## # ....## #>##..#
##.# ## .....## ##.#...# ##..#
##.
......####......########...####..
......'.........@.............'..
......####....#######......####..
##...## #........ #.#....# ##.
.#..## #.##.#### #...#### ##
.#.## #.##.# ##.## # #'.# #.##.#
#.# .### #.##.. #.# .# #.###. #.#
.### #.##########


There were no monsters in sight!

Vanquished Creatures
  A scorpion (D:4)
  A bombardier beetle (D:4)
  An orc priest (D:4)
  Crazy Yiuf (D:4)
  A jelly (D:4)
  Natasha (thrice) (D:2)
  An orc wizard (D:4)
  3 gnolls (D:4)
  8 adders
  3 dart slugs
  4 ribbon worms
  3 orcs (D:4)
  6 bats
  7 endoplasms
  8 giant cockroaches
  8 goblins
  3 hobgoblins
  2 jackals (D:4)
  8 kobolds
  4 quokkas
  13 ball pythons
  3 frilled lizards (D:1)
  2 rats
94 creatures vanquished.

Notes
Turn   | Place    | Note
-------+----------+-------------------------------------------
     0 | D:1      | inmateoo the Coglin Gladiator began the quest for the Orb.
     0 | D:1      | Reached XP level 1. HP: 16/16 MP: 1/1
   108 | D:1      | Reached XP level 2. HP: 20/22 MP: 2/2
   141 | D:1      | Reached skill level 3 in Polearms
   497 | D:1      | Found a faded altar of an unknown god.
   501 | D:1      | Reached XP level 3. HP: 27/27 MP: 3/3
   795 | D:2      | Noticed Natasha
   800 | D:2      | Killed Natasha
   801 | D:2      | Reached skill level 1 in Armour
   801 | D:2      | Reached XP level 4. HP: 34/34 MP: 4/4
   911 | D:2      | Found an iron altar of Okawaru.
  1213 | D:2      | Noticed Natasha
  1220 | D:2      | Killed Natasha
  1498 | D:3      | Reached XP level 5. HP: 36/40 MP: 5/5
  1642 | D:3      | Reached skill level 4 in Polearms
  2208 | D:2      | Noticed Natasha
  2223 | D:2      | Killed Natasha
  2352 | D:4      | Reached XP level 6. HP: 33/47 MP: 6/6
  2546 | D:4      | Found a hazy altar of Hepliaklqana.
  2561 | D:4      | Became a worshipper of Hepliaklqana the Forgotten
  3083 | D:4      | Found a runed translucent door.
  3084 | D:4      | Noticed Crazy Yiuf
  3095 | D:4      | Killed Crazy Yiuf
  3327 | D:4      | Reached skill level 1 in Shapeshifting
  3340 | D:4      | Reached XP level 7. HP: 7/52 MP: 7/7
  3341 | D:4      | HP: 1/52 [burnt (4)]
  3345 | D:4      | Incinerated by a bombardier beetle

Illustrated notes

Levels and vault maps discovered:
D:1:      amcnicky_arrival_gap_in_the_tavern_cellar, layout_loops_ring,
          hellmonk_ecumenical_altar_pennies_from_heaven, corexii_hall_statues_i,
          minmay_pentomino_q2
D:2:      layout_loops_cross, basic_altar, minmay_shallow_snake_nest,
          uniq_natasha
D:3:      layout_basic, kennysheep_generic_room_10
D:4:      layout_loops_corners, mainiacjoe_overflow_24_doors,
          uniq_crazy_yiuf_cottage

Skill      XL: |  1  2  3  4  5  6 |
---------------+-------------------+-----
Polearms       | 3 4 |  4.8
Dodging        | 3 |  3.8
Armour         | 1 2 |  2.5
Fighting       | 3 |  3.6
Shapeshifting  | 1 |  1.1
Throwing       | |  1.8

Action                     |  1- 3 |  4- 6 |  7- 9 || total
---------------------------+-------+-------+-------++-------
  Melee: Trident           |    75 |   167 |     2 ||   244
         Spear             |    12 |   160 |     2 ||   174
    Use: Scroll            |       |     5 |       ||     5
         Potion            |       |       |     1 ||     1
   Stab: Sleeping          |     1 |       |       ||     1
 Armour: Leather armour    |    16 |       |       ||    16
         Chain mail        |    17 |    85 |       ||   102
  Dodge: Dodged            |    35 |    36 |       ||    71

Table legend: (Time is in decaauts)
 A = Elapsed time spent in this place.
 B = Non-inter-level travel time spent in this place.
 C = Inter-level travel time spent in this place.
 D = Time resting spent in this place.
 E = Time spent auto-exploring this place.
 F = Levels seen in this place.
 G = Mean time per level.
                   A        B        C        D        E       F      G
               +--------+--------+--------+--------+--------+-----+--------+
         Total |   3355 |   3235 |    120 |    402 |   2189 |   4 |  838.8 |
       Dungeon |   3355 |   3235 |    120 |    402 |   2189 |   4 |  838.8 |
               +--------+--------+--------+--------+--------+-----+--------+

Top non-repeatable levels by time:
     D:4: 1008 daAuts
     D:2: 808 daAuts
     D:1: 775 daAuts
     D:3: 763 daAuts
